MID
BOWLING GREEN HOT RODS @ WEST MICHIGAN WHITECAPS
07/08/2044
 
TOP OF THE 1ST
Bowling Green Hot Rods batting - Pitching for West Michigan Whitecaps : RHP Juan Murillo
Pitching: RHP Juan Murillo
Batting: RHB Jonathan Fraire 0-0: Fly out, F9 (Line Drive, 9, EV 101.3 MPH)
Batting: LHB Jake Rheaume 0-0: Ball
1-0: Called Strike
1-1: Called Strike
1-2: Strikes out swinging
Batting: RHB Adam Kaeser 0-0: Ball
1-0: Ball
2-0: Fly out, F7 (Flyball, 7LM, EV 88.8 MPH)
Top of the 1st over - 0 runs, 0 hits, 0 errors, 0 left on base; Bowling Green 0 - West Michigan 0
BOTTOM OF THE 1ST
West Michigan Whitecaps batting - Pitching for Bowling Green Hot Rods : RHP Eric Smith
Pitching: RHP Eric Smith
Batting: RHB Rocky Hart 0-0: Foul Ball, location: 2F
0-1: Ball
1-1: Ball
2-1: Foul Ball, location: 2F
2-2: Ball
3-2: Foul Ball, location: 2F
3-2: Foul Ball, location: 2F
3-2: Strikes out swinging
Batting: RHB Aaron Cusick 0-0: Called Strike
0-1: Foul Ball, location: 2F
0-2: Ball
1-2: Strikes out swinging
Batting: SHB Andy Vivas 0-0: Foul Ball, location: 2F
0-1: Ball
1-1: Foul Ball, location: 2F
1-2: Strikes out swinging
Bottom of the 1st over - 0 runs, 0 hits, 0 errors, 0 left on base; Bowling Green 0 - West Michigan 0
TOP OF THE 2ND
Bowling Green Hot Rods batting - Pitching for West Michigan Whitecaps : RHP Juan Murillo
Batting: LHB Mario Ocana 0-0: Ball
1-0: Fly out, F8 (Line Drive, 8RD, EV 106.9 MPH)
Batting: RHB David Ward 0-0: Ground out 6-3 (Groundball, 6, EV 89.4 MPH)
Batting: LHB Jimmy Detrie 0-0: Foul Ball, location: 2F
0-1: DOUBLE (Flyball, 78XD, EV 104.4 MPH)
Batting: SHB Julio Hernandez 0-0: Ball
1-0: SINGLE (Groundball, 4S, EV 72.5 MPH) (infield hit)
Jimmy Detrie to third
Batting: RHB Dermott Kennelly 0-0: Ball
1-0: Foul Ball, location: 2F
1-1: Foul Ball, location: 2F
1-2: Strikes out swinging
Top of the 2nd over - 0 runs, 2 hits, 0 errors, 2 left on base; Bowling Green 0 - West Michigan 0
BOTTOM OF THE 2ND
West Michigan Whitecaps batting - Pitching for Bowling Green Hot Rods : RHP Eric Smith
Batting: RHB Bill Cabrera 0-0: Called Strike
0-1: Called Strike
0-2: Ball
1-2: Strikes out looking
Batting: RHB Dan Becvar 0-0: Fly out, F9 (Flyball, 9D, EV 96.9 MPH)
Batting: RHB Jon Pierce 0-0: Fly out, F5 (Popup, 5SF, EV 74.4 MPH)
Bottom of the 2nd over - 0 runs, 0 hits, 0 errors, 0 left on base; Bowling Green 0 - West Michigan 0
TOP OF THE 3RD
Bowling Green Hot Rods batting - Pitching for West Michigan Whitecaps : RHP Juan Murillo
Batting: RHB Evan Chalarian 0-0: Ground out 3-1 (Groundball, 34S, EV 88.1 MPH)
Batting: RHB Jonathan Fraire 0-0: Ball
1-0: Called Strike
1-1: Ball
2-1: Ball
3-1: Called Strike
3-2: Foul Ball, location: 2F
3-2: Fly out, F3 (Popup, 3, EV 75.6 MPH)
Batting: LHB Jake Rheaume 0-0: Ball
1-0: Ball
2-0: Foul Ball, location: 2F
2-1: Swinging Strike
2-2: Ball
3-2: Base on Balls
Batting: RHB Adam Kaeser 0-0: Ball
1-0: Ball
2-0: Called Strike
2-1: Ball
3-1: Base on Balls
Jake Rheaume to second
Batting: LHB Mario Ocana 0-0: Ball
1-0: Ball
2-0: Ball
3-0: Called Strike
3-1: Ground out 4-3 (Groundball, 4, EV 103.1 MPH)
Top of the 3rd over - 0 runs, 0 hits, 0 errors, 2 left on base; Bowling Green 0 - West Michigan 0
BOTTOM OF THE 3RD
West Michigan Whitecaps batting - Pitching for Bowling Green Hot Rods : RHP Eric Smith
Batting: RHB Victor Reyes 0-0: Ball
1-0: Ball
2-0: Ball
3-0: Called Strike
3-1: Foul Ball, location: 2F
3-2: Strikes out swinging
Batting: RHB Vince Chipman 0-0: Ball
1-0: Ball
2-0: Ball
3-0: Base on Balls
Batting: RHB Jordan Hall 0-0: Called Strike
0-1: Ball
1-1: Fly out, F7 (Flyball, 78D, EV 95.0 MPH)
Batting: RHB Rocky Hart 0-0: Fielders Choice at 2nd, 5-4 (Groundball, 56, EV 86.9 MPH)
Bottom of the 3rd over - 0 runs, 0 hits, 0 errors, 1 left on base; Bowling Green 0 - West Michigan 0
TOP OF THE 4TH
Bowling Green Hot Rods batting - Pitching for West Michigan Whitecaps : RHP Juan Murillo
Batting: RHB David Ward 0-0: Ball
1-0: Ball
2-0: Ball
3-0: Foul Ball, location: 2F
3-1: Base on Balls
Batting: LHB Jimmy Detrie 0-0: Fielders Choice at 2nd, 6-4 (Groundball, 6S, EV 80.0 MPH)
Batting: SHB Julio Hernandez 0-0: Ball
Wild Pitch!
Jimmy Detrie to second
1-0: Ball
2-0: Called Strike
2-1: Ground out 6-3 (Groundball, 6, EV 108.8 MPH)
Batting: RHB Dermott Kennelly 0-0: Swinging Strike
0-1: Ball
1-1: Ball
2-1: Called Strike
2-2: SINGLE (Groundball, 6M, EV 98.8 MPH) (infield hit)
Jimmy Detrie to third
Batting: RHB Evan Chalarian 0-0: Ball
1-0: SINGLE (Line Drive, 89S, EV 94.4 MPH)
Jimmy Detrie scores
Dermott Kennelly to second
Runner from 2nd tries for 3rd, SAFE, throw by RF made to third
Batting: RHB Jonathan Fraire 0-0: Ball
1-0: Foul Ball, location: 2F
1-1: Ground out 5-3 (Groundball, 5L, EV 106.9 MPH)
Top of the 4th over - 1 run, 2 hits, 0 errors, 2 left on base; Bowling Green 1 - West Michigan 0
BOTTOM OF THE 4TH
West Michigan Whitecaps batting - Pitching for Bowling Green Hot Rods : RHP Eric Smith
Batting: RHB Aaron Cusick 0-0: Called Strike
0-1: Ball
1-1: Fly out, F8 (Line Drive, 8LD, EV 88.1 MPH)
Batting: SHB Andy Vivas 0-0: DOUBLE (Line Drive, 78M, EV 93.1 MPH)
Batting: RHB Bill Cabrera 0-0: DOUBLE (Line Drive, 8RXD, EV 106.3 MPH)
Andy Vivas scores
Batting: RHB Dan Becvar 0-0: Called Strike
0-1: SINGLE (Groundball, 34D, EV 106.3 MPH)
Bill Cabrera to third
Runner from 3rd tries for Home, SAFE, throw by RF to home
Dan Becvar to second
Batting: RHB Jon Pierce 0-0: Ball
1-0: Called Strike
1-1: Foul Ball, location: 2F
1-2: Foul Ball, location: 2F
1-2: Ball
2-2: Fly out, F7 (Line Drive, 7D, EV 93.1 MPH)
Batting: RHB Victor Reyes 0-0: Called Strike
0-1: Foul Ball, location: 2F
0-2: Fly out, F8 (Flyball, 8RS, EV 93.1 MPH)
Bottom of the 4th over - 2 runs, 3 hits, 0 errors, 1 left on base; Bowling Green 1 - West Michigan 2
TOP OF THE 5TH
Bowling Green Hot Rods batting - Pitching for West Michigan Whitecaps : RHP Juan Murillo
Batting: LHB Jake Rheaume 0-0: Called Strike
0-1: Ball
1-1: Ball
2-1: Ball
3-1: Foul Ball, location: 2F
3-2: Foul Ball, location: 2F
3-2: Foul Ball, location: 2F
3-2: Base on Balls
Batting: RHB Adam Kaeser 0-0: Called Strike
0-1: Swinging Strike
0-2: Ball
1-2: Foul Ball, location: 2F
1-2: Ball
2-2: Foul Ball, location: 2F
2-2: Foul Ball, location: 2F
2-2: Ball
3-2: Base on Balls
Jake Rheaume to second
Batting: LHB Mario Ocana 0-0: Ball
Jake Rheaume steals 3rd base
1-0: Called Strike
1-1: Ball
2-1: Ball
3-1: SINGLE (Groundball, 6D, EV 99.4 MPH)
Jake Rheaume scores
Adam Kaeser to second
Batting: RHB David Ward 0-0: Ball
1-0: Ball
2-0: DOUBLE (Line Drive, 7LD, EV 106.9 MPH)
Adam Kaeser scores
Mario Ocana to third
Batting: LHB Jimmy Detrie 0-0: SINGLE (Groundball, 34D, EV 109.4 MPH)
Mario Ocana scores
David Ward to third
Batting: SHB Julio Hernandez 0-0: Ground out U3 (Groundball, 3S, EV 72.5 MPH)
David Ward scores
Jimmy Detrie to second
Batting: RHB Dermott Kennelly 0-0: Ball
1-0: Ball
Passed Ball!
Jimmy Detrie to third
2-0: Called Strike
2-1: Ball
3-1: Swinging Strike
3-2: Base on Balls
Pitching: RHP Daisuke Tashima
Batting: RHB Evan Chalarian 0-0: Ball
1-0: Ball
Balk!
Jimmy Detrie scores
Dermott Kennelly to second
2-0: Ball
3-0: Called Strike
3-1: Fly out, F8 (Flyball, 8RD, EV 95.0 MPH)
Batting: RHB Jonathan Fraire 0-0: Ball
1-0: Called Strike
1-1: Swinging Strike
1-2: Strikes out looking
Top of the 5th over - 5 runs, 3 hits, 0 errors, 1 left on base; Bowling Green 6 - West Michigan 2
BOTTOM OF THE 5TH
West Michigan Whitecaps batting - Pitching for Bowling Green Hot Rods : RHP Eric Smith
Batting: RHB Vince Chipman 0-0: SINGLE (Groundball, 6D, EV 98.1 MPH)
Batting: RHB Jordan Hall 0-0: Called Strike
0-1: Ball
1-1: Foul Ball, location: 2F
1-2: Ball
2-2: Fielders Choice at 2nd, 1-4 (Groundball, 15S, EV 64.4 MPH)
Batting: RHB Rocky Hart 0-0: Fly out, F8 (Line Drive, 8RD, EV 97.5 MPH)
Batting: RHB Aaron Cusick 0-0: Called Strike
0-1: SINGLE (Line Drive, 78S, EV 106.3 MPH)
Jordan Hall to second
Batting: SHB Andy Vivas 0-0: Ball
1-0: Ground out U3 (Groundball, 3, EV 88.8 MPH)
Bottom of the 5th over - 0 runs, 2 hits, 0 errors, 2 left on base; Bowling Green 6 - West Michigan 2
TOP OF THE 6TH
Bowling Green Hot Rods batting - Pitching for West Michigan Whitecaps : RHP Daisuke Tashima
Batting: LHB Jake Rheaume 0-0: Ball
1-0: DOUBLE (Line Drive, 89XD, EV 111.3 MPH)
Batting: RHB Adam Kaeser 0-0: Ball
1-0: Ball
2-0: Ball
3-0: Called Strike
3-1: Base on Balls
Batting: LHB Mario Ocana 0-0: Ball
1-0: Ball
Jake Rheaume steals 3rd base
2-0: Ball
3-0: Called Strike
3-1: Base on Balls
Adam Kaeser to second
Batting: RHB David Ward 0-0: Ball
1-0: Ball
2-0: Called Strike
2-1: Called Strike
2-2: Fly out, F7 (Flyball, 7LM, EV 82.5 MPH)
Batting: LHB Jimmy Detrie 0-0: Called Strike
0-1: Foul Ball, location: 2F
0-2: Fielders Choice at 2nd, 4-6 (Groundball, 4S, EV 83.1 MPH)
Jake Rheaume scores
Adam Kaeser to third
Batting: SHB Julio Hernandez 0-0: Ball
1-0: Ground out 4-3 (Groundball, 4, EV 89.4 MPH)
Top of the 6th over - 1 run, 1 hit, 0 errors, 2 left on base; Bowling Green 7 - West Michigan 2
BOTTOM OF THE 6TH
West Michigan Whitecaps batting - Pitching for Bowling Green Hot Rods : RHP Eric Smith
Batting: RHB Bill Cabrera 0-0: Ball
1-0: Foul Ball, location: 2F
1-1: Ball
2-1: Called Strike
2-2: Strikes out swinging, 2-3 out at first.
Batting: RHB Dan Becvar 0-0: Fly out, F9 (Flyball, 9LD, EV 100.6 MPH)
Batting: RHB Jon Pierce 0-0: SOLO HOME RUN (Flyball, 7D, EV 96.9 MPH), Distance : 374 ft
Batting: RHB Victor Reyes 0-0: Ball
1-0: Foul Ball, location: 2F
1-1: Swinging Strike
1-2: Ground out 6-3 (Groundball, 6, EV 76.9 MPH)
Bottom of the 6th over - 1 run, 1 hit, 0 errors, 0 left on base; Bowling Green 7 - West Michigan 3
TOP OF THE 7TH
Bowling Green Hot Rods batting - Pitching for West Michigan Whitecaps : RHP Daisuke Tashima
Pitching: LHP Valentin Ciubotariu
Batting: RHB Dermott Kennelly 0-0: Called Strike
0-1: Swinging Strike
0-2: Ball
1-2: Ball
2-2: Strikes out looking
Batting: RHB Evan Chalarian 0-0: Foul Ball, location: 2F
0-1: Foul Ball, location: 2F
0-2: Ball
1-2: Ball
2-2: Ball
3-2: Ground out 6-3 (Groundball, 6, EV 103.1 MPH)
Batting: RHB Jonathan Fraire 0-0: Foul Ball, location: 2F
0-1: Ball
1-1: Called Strike
1-2: Ball
2-2: Ball
3-2: Ground out 6-3 (Groundball, 6, EV 86.3 MPH)
Top of the 7th over - 0 runs, 0 hits, 0 errors, 0 left on base; Bowling Green 7 - West Michigan 3
BOTTOM OF THE 7TH
West Michigan Whitecaps batting - Pitching for Bowling Green Hot Rods : RHP Eric Smith
Batting: RHB Vince Chipman 0-0: Foul Ball, location: 2F
0-1: Called Strike
0-2: Strikes out swinging
Pitching: RHP Jeremy Price
Batting: RHB Jordan Hall 0-0: Ground out 1-3 (Groundball, 13S, EV 70.0 MPH)
Batting: RHB Rocky Hart 0-0: Ball
1-0: Swinging Strike
1-1: Called Strike
1-2: Ball
2-2: Strikes out swinging
Bottom of the 7th over - 0 runs, 0 hits, 0 errors, 0 left on base; Bowling Green 7 - West Michigan 3
TOP OF THE 8TH
Bowling Green Hot Rods batting - Pitching for West Michigan Whitecaps : LHP Valentin Ciubotariu
Batting: LHB Jake Rheaume 0-0: Ground out U3 (Groundball, 3, EV 100.6 MPH)
Batting: RHB Adam Kaeser 0-0: Fly out, F8 (Flyball, 8RS, EV 90.0 MPH)
Batting: LHB Mario Ocana 0-0: Fly out, F7 (Flyball, 7, EV 76.9 MPH)
Top of the 8th over - 0 runs, 0 hits, 0 errors, 0 left on base; Bowling Green 7 - West Michigan 3
BOTTOM OF THE 8TH
West Michigan Whitecaps batting - Pitching for Bowling Green Hot Rods : RHP Jeremy Price
Batting: RHB Aaron Cusick 0-0: Called Strike
0-1: Ball
1-1: Ground out 6-3 (Groundball, 56, EV 86.9 MPH)
Batting: SHB Andy Vivas 0-0: Ball
1-0: Foul Ball, location: 2F
1-1: SINGLE (Line Drive, 89M, EV 105.6 MPH)
Batting: RHB Bill Cabrera 0-0: Ball
1-0: Ball
2-0: Called Strike
2-1: Swinging Strike
2-2: Fielders Choice at 2nd, 4-6 (Groundball, 34, EV 84.4 MPH)
Batting: RHB Dan Becvar 0-0: Called Strike
0-1: Foul Ball, location: 2F
0-2: Ball
1-2: Strikes out swinging
Bottom of the 8th over - 0 runs, 1 hit, 0 errors, 1 left on base; Bowling Green 7 - West Michigan 3
TOP OF THE 9TH
Bowling Green Hot Rods batting - Pitching for West Michigan Whitecaps : LHP Valentin Ciubotariu
Batting: RHB David Ward 0-0: Called Strike
0-1: Ball
1-1: Ball
2-1: Swinging Strike
2-2: Foul Ball, location: 2F
2-2: Strikes out looking
Batting: LHB Jimmy Detrie 0-0: Fly out, F8 (Flyball, 8LS, EV 91.9 MPH)
Batting: SHB Julio Hernandez 0-0: Foul Ball, location: 2F
0-1: Foul Ball, location: 2F
0-2: Foul Ball, location: 2F
0-2: Ball
1-2: Ball
2-2: Ground out 5-3 (Groundball, 56S, EV 79.4 MPH)
Top of the 9th over - 0 runs, 0 hits, 0 errors, 0 left on base; Bowling Green 7 - West Michigan 3
BOTTOM OF THE 9TH
West Michigan Whitecaps batting - Pitching for Bowling Green Hot Rods : RHP Jeremy Price
Batting: RHB Jon Pierce 0-0: Ball
1-0: Foul Ball, location: 2F
1-1: Ball
2-1: Fly out, F6 (Flyball, 56D, EV 93.8 MPH)
Batting: RHB Victor Reyes 0-0: Called Strike
0-1: DOUBLE (Flyball, 89XD, EV 113.1 MPH)
Batting: RHB Vince Chipman 0-0: Ball
1-0: Ball
2-0: Ball
3-0: Base on Balls
Pitching: RHP Al Speer
Batting: RHB Jordan Hall 0-0: Ball
1-0: Called Strike
1-1: SINGLE (Groundball, 6MD, EV 98.8 MPH)
Victor Reyes to third
Vince Chipman to second
Batting: RHB Rocky Hart 0-0: Ground out 3-1 (Groundball, 34S, EV 66.3 MPH)
Victor Reyes scores
Vince Chipman to third
Jordan Hall to second
Batting: RHB Aaron Cusick 0-0: Called Strike
0-1: Swinging Strike
0-2: Strikes out swinging
Bottom of the 9th over - 1 run, 2 hits, 0 errors, 2 left on base; Bowling Green 7 - West Michigan 4
Thursday, March 31st , 2022 - OOTP Baseball 22.12 Build 89